 Dungeon Crawl Stone Soup version 0.29.0-4-gdea44cf6ec (webtiles) character file.

Game seed: 14769686366138353673

20 qw the Sneak (level 2, 0/23 HPs)
             Began as a Ghoul Enchanter on Sept 5, 2022.
             Slain by a hobgoblin (3 damage)
             ... led by Robin
             ... on level 2 of the Dungeon.
             The game lasted 00:00:31 (1182 turns).

qw the Sneak (Ghoul Enchanter)                      Turns: 1182, Time: 00:00:32

Health: 0/23       AC:  6    Str: 11    XL:     2   Next: 79%
Magic:  3/3        EV:  8    Int: 10    God:
Gold:   53         SH:  2    Dex:  9    Spells: 4/4 levels left

rFire   . . .      SeeInvis .     - Unarmed
rCold   + . .      Faith    .   h - +0 buckler
rNeg    + + +      Spirit   .   a - +0 scale mail
rPois   inf        Reflect  .   (no helmet)
rElec   .          Harm     .   (no cloak)
rCorr   .          Rampage  .   (no gloves)
Will    .....                   (no boots)
Stlth   +.........              (no amulet)
HPRegen 0.00/turn               (no ring)
MPRegen 0.08/turn               (no ring)

@: inhibited regen
A: claws 1, cold resistance 1, negative energy resistance 3, inhibited
regeneration, torment resistance 2, devour on kill
a: no special abilities


You were on level 2 of the Dungeon.
You visited 1 branch of the dungeon, and saw 2 of its levels.

You collected 53 gold pieces.


Innate Abilities, Weirdness & Mutations

You are immune to poison.
You have sharp fingernails.
Your flesh is cold resistant. (rC+)
You are immune to negative energy. (rN+++)
You do not regenerate when monsters are visible.
You are immune to unholy pain and torment.
You thrive by killing the living.


   Skills:
 - Level 1.0 Fighting
 - Level 0.8 Short Blades
 - Level 1.7 Dodging
 - Level 3.2 Stealth
 + Level 2.2 Unarmed Combat
 - Level 1.7 Spellcasting
 - Level 2.4 Hexes


You had 4 spell levels left.
You didn't know any spells.
Your spell library contained the following spells:

 Spells                   Type           Power      Damage    Failure   Level
 Ensorcelled Hibernation  Hex/Ice        6%         N/A       95%         2
 Confusing Touch          Hex            5%         N/A       97%         3
 Tukima's Dance           Hex            5%         N/A       97%         3
 Dazzling Flash           Conj/Hex       6%         N/A       99%         3

Inventory:

Armour
 a - a +0 scale mail (worn)
 h - a +0 buckler (worn)
Scrolls
 f - a scroll of identify
Potions
 e - a potion of heal wounds {unknown}
 g - a potion of lignification {unknown}
 i - a potion of magic {unknown}

Dungeon Overview and Level Annotations

Branches:
Dungeon (2/15)

Altars:

Shops:
D:1 *

Annotations:
D:2 Robin


Message History

1173 ||| Stepping ~*~*~tactically~*~*~ (outnumbered).
A goblin and a frilled lizard come into view.
The goblin shouts!
The frilled lizard hisses angrily.
The goblin barely misses you.
The hobgoblin hits you but does no damage.
1174 ||| Stepping ~*~*~tactically~*~*~ (outnumbered).
The hobgoblin attacks as you move away!
The hobgoblin hits you but does no damage.
The goblin barely misses you.
Robin roars a battlecry!
The goblins go into a battle-frenzy!
1175 ||| Stepping ~*~*~tactically~*~*~ (outnumbered).
The goblin attacks as you move away! The goblin barely misses you.
The goblin attacks as you move away! The goblin barely misses you.
1176 ||| Stepping ~*~*~tactically~*~*~ (outnumbered).
The goblin attacks as you move away! The goblin closely misses you.
The hobgoblin attacks as you move away! The hobgoblin barely misses you.
Robin throws the goblin at you!
1177 ||| Stepping ~*~*~tactically~*~*~ (outnumbered).
The hobgoblin hits you. The goblin closely misses you.
You scratch the goblin.
You kill the goblin!
You feel better. The hobgoblin hits you.
The goblin hits you but does no damage.
The hobgoblin hits you but does no damage.
You closely miss the hobgoblin. The hobgoblin barely misses you.
The hobgoblin hits you but does no damage.
The goblin hits you with a +0 dagger. The hobgoblin closely misses you.
You barely miss the hobgoblin.
The hobgoblin hits you. x2; The hobgoblin closely misses you.
The goblin completely misses you.
You scratch the hobgoblin.
The hobgoblin is heavily wounded.
The hobgoblin barely misses you. The goblin hits you but does no damage.
You block the hobgoblin's attack. The hobgoblin hits you.
You scratch the hobgoblin.
You kill the hobgoblin!
The hobgoblin hits you.
You die...

#.## ##... ##...##
# ##..<..## .#
#.......##..###
#....g.<.......
####..gggg.##..###
......g)ggg....#
..##glg@###..## #
#.#### .## #. # #


You could see Robin, 4 hobgoblins, 6 goblins and a frilled lizard.

Vanquished Creatures
  2 endoplasms (D:1)
  A giant cockroach (D:1)
  4 goblins
  3 hobgoblins
  A quokka (D:1)
  A ball python (D:1)
  A bat (D:1)
  A frilled lizard (D:1)
  2 kobolds (D:1)
  4 rats (D:1)
20 creatures vanquished.

Notes
Turn   | Place    | Note
-------+----------+-------------------------------------------
     0 | D:1      | qw the Ghoul Enchanter began the quest for the Orb.
     0 | D:1      | Reached XP level 1. HP: 14/14 MP: 2/2
     0 | D:1      | 0 ||| qw: Version: 0.1-a-104-g96f76f8
     0 | D:1      | 0 ||| qw: Game counter: 5924
     0 | D:1      | 0 ||| qw: Always use a shield: true
     0 | D:1      | 0 ||| qw: God list: Okawaru
     0 | D:1      | 0 ||| qw: Allow faded altars: false
     0 | D:1      | 0 ||| qw: Do Orc after D:15 true
     0 | D:1      | 0 ||| qw: Do second Lair branch before Depths: true
     0 | D:1      | 0 ||| qw: Lair rune preference: random
     0 | D:1      | 0 ||| qw: Plans: Normal
     0 | D:1      | 0 ||| PLANNING D:1-11
     1 | D:1      | 1 ||| DROPPING +1 dagger.
    51 | D:1      | Reached skill level 1 in Unarmed Combat
   240 | D:1      | 240 ||| Stepping ~*~*~tactically~*~*~ (stealth).
   242 | D:1      | 242 ||| Stepping ~*~*~tactically~*~*~ (stealth).
   251 | D:1      | Reached skill level 1 in Fighting
   251 | D:1      | Reached XP level 2. HP: 23/23 MP: 3/3
   338 | D:1      | Found Ythynejoek's General Store.
   345 | D:1      | 345 ||| SHOPLISTING +2 cloak of poison resistance (222
                  | gold, have 12).
   345 | D:1      | 345 ||| SHOPLISTING potion of heal wounds (60 gold, have
                  | 12).
   439 | D:1      | 439 ||| Stepping ~*~*~tactically~*~*~ (stealth).
   479 | D:1      | 479 ||| Stepping ~*~*~tactically~*~*~ (stealth).
   480 | D:1      | 480 ||| Stepping ~*~*~tactically~*~*~ (stealth).
   690 | D:1      | Found a faded altar of an unknown god.
  1120 | D:1      | 1120 ||| UPGRADING to +0 scale mail.
  1130 | D:1      | 1130 ||| DROPPING +0 robe.
  1131 | D:1      | 1131 ||| UPGRADING to +0 buckler.
  1136 | D:1      | 1136 ||| READING 2 scrolls labelled VEYROORCHIX.
  1137 | D:1      | 1137 ||| READING scroll labelled MUOBLI LIHOAGE.
  1138 | D:1      | 1138 ||| DROPPING 2 potions of invisibility.
  1171 | D:2      | Noticed Robin
  1173 | D:2      | 1173 ||| Stepping ~*~*~tactically~*~*~ (outnumbered).
  1174 | D:2      | 1174 ||| Stepping ~*~*~tactically~*~*~ (outnumbered).
  1175 | D:2      | 1175 ||| Stepping ~*~*~tactically~*~*~ (outnumbered).
  1176 | D:2      | 1176 ||| Stepping ~*~*~tactically~*~*~ (outnumbered).
  1177 | D:2      | 1177 ||| Stepping ~*~*~tactically~*~*~ (outnumbered).
  1180 | D:2      | HP: 5/23 [hobgoblin[Robin] (4)]
  1182 | D:2      | Slain by a hobgoblin

Levels and vault maps discovered:
D:1:      dpeg_arrival_short_road, layout_basic,
          shapermc_ecumenical_altar_notcrosses, serial_shops, shop,
          amcnicky_mini_pool_small
D:2:      minmay_angry_zag, layout_loops_ring, serial_glass, glass_columns_a,
          glass_columns_c, glass_columns_b, glass_columns_b,
          minmay_misc_feat_nine_boxes, uniq_robin

Skill      XL: |  1  2 |
---------------+-------+-----
Unarmed Combat | 1 2 |  2.2
Fighting       | 1 |  1.0
Short Blades   | |  0.8
Dodging        | |  1.7
Stealth        | |  3.2
Spellcasting   | |  1.7
Hexes          | |  2.4

Action                   || total
-------------------------++-------
Melee: Unarmed           ||    69
       Punch             ||     1
  Use: Scroll            ||     2
Armor: Robe              ||    10
       Scale mail        ||     6
Dodge: Dodged            ||    41
Block: Buckler           ||     1

Table legend:
 A = Non-vault XP
 B = Vault XP
 C = Vault XP percentage of total XP
 D = Non-vault monster count
 E = Vault monster count
 F = Vault count percentage of total count
                 A         B        C        D         E       F
            +---------+---------+-------+---------+---------+-------
      Total |      27 |       4 |  12.9 |      18 |       2 |  10.0
            +---------+---------+-------+---------+---------+-------
        D:1 |      27 |       0 |   0.0 |      18 |       0 |   0.0
        D:2 |       0 |       4 | 100.0 |       0 |       2 | 100.0
            +---------+---------+-------+---------+---------+-------
